Map: Daybreak LE (Void)

Players

WarHawkXZ

  • Race: Terran Terran
  • League: Gold
  • Spawn Location: 7:00

Dendroaspis - Winner!

  • Race: Protoss Protoss
  • League: Silver
  • Spawn Location: 1:00

VOD

Have the link to the VOD?

Description

Time

  • Played on: Dec. 15, 2016, 3:50 p.m.
  • Length: 9:18
Show
View Real Time Build Order
Export as new Build Order

WarHawkXZ Terran 

Build Orders: MMM Bio 

Get SALT Encoding   

  12  0:01  SCV  
  13  0:13  SCV  
  14  0:23  Supply Depot  
  14  0:25  SCV  
  15  0:31  Refinery  
  15  0:45  SCV  
  15  0:47  Barracks  
  16  0:57  SCV  
  17  1:09  SCV  
  17  1:11  Refinery  
  18  1:20  Barracks  
  18  1:21  SCV  
  19  1:33  SCV  
  19  1:36  Supply Depot  
  20  1:49  SCV  
  20  1:51  Marine  
  22  2:07  Barracks Reactor  
  22  2:09  Marine  
  22  2:13  Factory  
  23  2:18  SCV  
  24  2:27  Marine  
  25  2:43  Marine x2  
  27  2:48  Barracks Tech Lab  
  27  2:55  Orbital Command  
  27  2:58  Supply Depot  
  27  2:59  Supply Depot  
  27  3:03  Marine x2  
  29  3:11  Stimpack  
  29  3:13  Marine  
  30  3:21  Marine x2  
  32  3:31  Marine  
  33  3:39  Marine x2  
  35  3:48  Marine  
  34  4:06  Marine  
  34  4:07  Marine x2  
  37  4:19  Starport  
  37  4:22  Engineering Bay  
  37  4:24  Marine x2  
  37  4:25  Factory Tech Lab  
  39  5:07  Marauder, Marine x2  
  35  5:25  Marine x2  
  36  5:28  Marauder  
  32  5:43  Marine x2  
  32  5:52  Medivac  
  34  6:00  Terran Infantry Weapons Level 1  
  34  6:07  Command Center  
  34  6:10  Combat Shields  
  34  6:14  Marauder, Barracks, Marine  
  34  6:16  Marine  
  38  6:22  Medivac  
  38  6:25  Supply Depot  
  40  6:32  Marine  
  40  6:34  Marine  
  40  6:35  Marauder  
  44  6:49  Siege Tank  
  44  6:50  Marine  
  44  6:52  Marine  
  45  6:56  Marauder  
  35  7:01  Barracks  
  32  7:18  Marauder  
  7  7:55  SCV  
  7  8:37  Command Center  
Show
View Real Time Build Order
Export as new Build Order

Dendroaspis Protoss - Winner!

Build Orders: 1 Gate Expand, Zealot Archon 

Get SALT Encoding   

  12  0:01  Probe (Chrono Boost)  
  13  0:12  Probe (Chrono Boost)  
  14  0:18  Pylon  
  14  0:23  Probe (Chrono Boost)  
  15  0:36  Probe (Chrono Boost)  
  15  0:39  Gateway  
  16  0:46  Probe (Chrono Boost)  
  17  0:50  Assimilator  
  17  0:57  Probe (Chrono Boost)  
  18  1:08  Probe (Chrono Boost)  
  19  1:18  Probe (Chrono Boost)  
  20  1:26  Nexus  
  20  1:36  Cybernetics Core  
  20  1:44  Pylon  
  20  1:46  Probe (Chrono Boost)  
  21  1:49  Zealot  
  23  2:03  Probe (Chrono Boost)  
  24  2:13  Zealot  
  24  2:14  Warp Gate  
  24  2:20  Mothership Core (Chrono Boost)  
  28  2:25  Gateway  
  28  2:39  Probe (Chrono Boost)  
  28  2:40  Probe (Chrono Boost), Zealot  
  32  2:49  Probe (Chrono Boost)  
  34  2:52  Probe (Chrono Boost)  
  34  2:53  Gateway  
  34  2:57  Pylon  
  34  3:00  Probe (Chrono Boost)  
  34  3:05  Probe (Chrono Boost)  
  36  3:11  Probe (Chrono Boost)  
  37  3:15  Zealot  
  37  3:17  Probe (Chrono Boost)  
  37  3:18  Zealot  
  42  3:21  Probe (Chrono Boost)  
  43  3:27  Pylon  
  43  3:29  Probe (Chrono Boost)  
  43  3:32  Probe (Chrono Boost)  
  45  3:36  Twilight Council  
  46  3:41  Probe (Chrono Boost)  
  46  3:42  Probe (Chrono Boost)  
  45  3:53  Probe (Chrono Boost)  
  42  3:56  Probe (Chrono Boost)  
  42  3:59  Nexus  
  42  4:00  Charge  
  43  4:11  Probe x2 (Chrono Boost)  
  45  4:17  Zealot  
  45  4:18  Zealot  
  45  4:21  Probe (Chrono Boost)  
  45  4:23  Probe (Chrono Boost)  
  51  4:32  Probe (Chrono Boost)  
  51  4:36  Probe (Chrono Boost)  
  51  4:37  Zealot  
  55  4:39  Zealot x2  
  55  4:42  Probe (Chrono Boost)  
  60  4:47  Assimilator  
  60  4:48  Assimilator  
  60  4:50  Pylon  
  60  4:53  Pylon, Assimilator  
  58  5:03  Probe (Chrono Boost)  
  58  5:05  Probe (Chrono Boost)  
  60  5:11  Gateway  
  60  5:12  Gateway  
  60  5:16  Gateway x2  
  60  5:20  Probe (Chrono Boost)  
  61  5:21  Probe x2 (Chrono Boost)  
  61  5:23  Zealot  
  61  5:24  Zealot  
  61  5:25  Zealot  
  65  5:30  Probe (Chrono Boost)  
  65  5:31  Probe (Chrono Boost), Forge  
  65  5:33  Probe (Chrono Boost)  
  66  5:39  Forge  
  66  5:42  Probe x2 (Chrono Boost)  
  68  5:45  Probe (Chrono Boost)  
  69  5:52  Probe (Chrono Boost), Zealot x2  
  69  5:53  Probe (Chrono Boost), Zealot, Protoss Ground Weapons Level 1  
  77  5:59  Protoss Ground Armor Level 1  
  77  6:06  Templar Archives  
  77  6:08  Robotics Facility  
  77  6:10  Probe (Chrono Boost)  
  79  6:12  Probe x2 (Chrono Boost)  
  80  6:18  Zealot x2  
  80  6:21  Zealot  
  86  6:27  Probe (Chrono Boost)  
  86  6:28  Probe x2 (Chrono Boost)  
  86  6:29  Assimilator  
  86  6:31  Assimilator  
  89  6:34  Pylon  
  89  6:36  Pylon  
  92  6:40  Probe (Chrono Boost)  
  92  6:41  Probe x2 (Chrono Boost), Pylon  
  92  6:51  Pylon  
  92  6:52  Probe (Chrono Boost)  
  92  6:53  Probe (Chrono Boost)  
  92  6:54  Pylon x2  
  90  7:01  Gateway  
  90  7:03  Observer, Gateway  
  90  7:05  Gateway  
  91  7:10  High Templar x4  
  91  7:11  High Templar  
  99  7:26  Gateway  
  99  7:27  Gateway, Photon Cannon x2  
  99  7:29  Photon Cannon  
  99  7:32  Gateway  
  99  7:33  Observer  
  99  7:35  Archon x2  
  100  7:41  Gateway x2  
  100  7:52  High Templar x2  
  100  7:53  High Templar x2  
  100  7:57  Nexus  
  108  8:02  High Templar  
  108  8:03  Archon  
  108  8:04  Archon  
  110  8:07  Archon  
  110  8:18  Pylon  
  110  8:20  Zealot x5  
  110  8:21  Pylon  
  110  8:24  Assimilator  
  120  8:29  Assimilator  
  120  8:32  Pylon  
  120  8:33  Gateway  
  120  8:34  Gateway  
  120  8:37  Zealot x5  
  120  8:38  Zealot x2  
  120  8:39  Zealot  
  136  9:03  Stargate x2  
  136  9:10  Stargate  
  136  9:11  Stargate  
  136  9:16  Stargate  
Tags
 
Add a new tag
Caveats
  • Supply blocks, unpowered buildings, or Contaminate may cause inaccurate times.
  • Supply counts are checked every 10 seconds.